 Dungeon Crawl Stone Soup version 0.30-a0-263-ge22c4ad894 (webtiles) character file.

Game seed: 12462633012840824624

11 mopl the Sneak (level 2, -1/19 HPs)
             Began as an Octopode Brigand on Oct 13, 2022.
             Slain by an endoplasm (3 damage)
             ... on level 1 of the Dungeon.
             The game lasted 00:00:40 (167 turns).

mopl the Sneak (Octopode Brigand)                    Turns: 167, Time: 00:00:40

Health: -1/19      AC:  1    Str: 10    XL:     2   Next: 25%
Magic:  2/2        EV: 12    Int: 13    God:
Gold:   28         SH:  0    Dex: 13    Spells: 1/1 levels left

rFire   . . .      SeeInvis .    a - +2 dagger
rCold   . . .      Faith    .    (no shield)
rNeg    . . .      Spirit   .    (helmet restricted)
rPois   .          Reflect  .    (no amulet)
rElec   .          Harm     .    (no ring)
rCorr   .          Rampage  .    (no ring)
Will    .....                    (no ring)
Stlth   ++++......               (no ring)
HPRegen 0.23/turn                (no ring)
MPRegen 0.08/turn                (no ring)
                                 (no ring)
                                 (no ring)

@: no status effects
A: almost no armour, amphibious, 8 rings, camouflage 1, gelatinous body 1,
(nimble swimmer 1), tentacles
a: no special abilities


You were on level 1 of the Dungeon.
You visited 1 branch of the dungeon, and saw 1 of its levels.

You collected 28 gold pieces.

Inventory:

Hand Weapons
 a - a +2 dagger (weapon)
Missiles
 b - 9 poisoned darts (quivered)
 c - 3 curare-tipped darts
Scrolls
 d - a scroll of magic mapping {unknown}
 e - a scroll of identify {unknown}


   Skills:
 - Level 2.0 Fighting
 + Level 2.3 Short Blades
 + Level 2.3 Throwing
 - Level 1.0 Dodging
 + Level 5.6 Stealth


You had one spell level left.
You didn't know any spells.
Your spell library was empty.

Dungeon Overview and Level Annotations

Branches:
Dungeon (1/15)

Altars:


Innate Abilities, Weirdness & Mutations

You cannot wear most types of armour.
You are amphibious.
You can wear up to eight rings at the same time.
Your skin changes colour to match your surroundings (Stealth+).
Your rubbery body absorbs attacks. (AC +1, EV +1)
((You are camouflaged when in or above water. (Stealth+)))
You have tentacles for arms and can constrict up to eight enemies at once.


Message History

d - a scroll labelled GUPNUQU COIXT A kobold comes into view.
It is wielding a +0 short sword.
Found 4 gold pieces.
Found a leather armour.
The helpless kobold fails to defend itself.
You impale the kobold!!
You kill the kobold!
No target in view!
e - a scroll labelled JUYLOOK ASHOO HP restored.
You now have 28 gold pieces (gained 4).
You see here a +0 leather armour.
An endoplasm comes into view.
Found 9 stones.
The endoplasm quivers.
You hit the endoplasm but do no damage. The endoplasm freezes you.
You are frozen.
You barely miss the endoplasm. The endoplasm freezes you.
You are frozen.
You hit the endoplasm but do no damage. The endoplasm freezes you.
You are frozen.
You are too injured to fight recklessly!
You are too injured to fight recklessly!
You hit the endoplasm but do no damage. You squeeze the endoplasm.
The endoplasm is heavily wounded.
The endoplasm barely misses you.
You completely miss the endoplasm.
Your tentacle-slap misses the endoplasm.
Your squeeze misses the endoplasm.
The endoplasm is moderately wounded.
The endoplasm freezes you.
You are frozen.
* * * LOW HITPOINT WARNING * * *
You hit the endoplasm.
The endoplasm is severely wounded.
The endoplasm hits you.
You die...

..... ....# .....# .... #(.. ..#
## ###J# .. ... ..##.@.# #.....
... #.#..### #..... ..## #.#.##
##..... #.## ###...#####.....
#... #. #...........#..# ####...
#. ###.....##.......# #......
#.##..........####(.###.#....
#...........### #..>†........
######..........#####.....)....##


You could see an endoplasm.

Vanquished Creatures
  A ball python (D:1)
  An endoplasm (D:1)
  A giant cockroach (D:1)
  2 goblins (D:1)
  A quokka (D:1)
  A bat (D:1)
  2 frilled lizards (D:1)
  2 kobolds (D:1)
11 creatures vanquished.

Notes
Turn   | Place    | Note
-------+----------+-------------------------------------------
     0 | D:1      | mopl the Octopode Brigand began the quest for the Orb.
     0 | D:1      | Reached XP level 1. HP: 14/14 MP: 1/1
    52 | D:1      | Reached XP level 2. HP: 8/19 MP: 2/2
   167 | D:1      | Slain by an endoplasm

Illustrated notes

Levels and vault maps discovered:
D:1:      minmay_arrival_three_doors, layout_rooms

Action                   || total
-------------------------++-------
Melee: Dagger            ||    26
       Constrict         ||     6
       Tentacles         ||     2
 Stab: Sleeping          ||     3
Armor: Skin              ||     3
Dodge: Dodged            ||    10

Table legend: (Time is in decaauts)
 A = Elapsed time spent in this place.
 B = Non-inter-level travel time spent in this place.
 C = Inter-level travel time spent in this place.
 D = Time resting spent in this place.
 E = Time spent auto-exploring this place.
 F = Levels seen in this place.
 G = Mean time per level.
                   A        B        C        D        E       F      G
               +--------+--------+--------+--------+--------+-----+--------+
         Total |    164 |    164 |      0 |      0 |    100 |   1 |  164.0 |
       Dungeon |    164 |    164 |      0 |      0 |    100 |   1 |  164.0 |
               +--------+--------+--------+--------+--------+-----+--------+

Top non-repeatable levels by time:
     D:1: 164 daAuts
